 Dungeon Crawl Stone Soup version 0.25-a0-294-gea9b1ad (webtiles) character file.

Game seed: 8957046289687333730, levelgen mode: deterministic

30 Firecrotchwizard the Skirmisher (level 3, -2/37 HPs)
             Began as an Ogre Warper on Dec 18, 2019.
             Slain by an orc
             ... wielding a +0 whip
              (3 damage)
             ... on level 2 of the Dungeon.
             The game lasted 00:04:47 (1792 turns).

Firecrotchwizard the Skirmisher (Ogre Warper)       Turns: 1792, Time: 00:04:47

Health: -2/37      AC:  3    Str: 15    XL:     3   Next: 20%
Magic:  7/7        EV: 10    Int: 15    God:
Gold:   73         SH:  0    Dex:  8    Spells: 7/7 levels left

rFire    . . .     SeeInvis .   a - +0 mace
rCold    . . .     Gourm    .   (no shield)
rNeg     . . .     Faith    .   b - +0 robe
rPois    .         Spirit   .   (helmet restricted)
rElec    .         Reflect  .   (no cloak)
rCorr    .         Harm     .   (gloves unavailable)
MR       .....                  (boots unavailable)
Stlth    +.........             (no amulet)
HPRegen  0.12/turn              (no ring)
MPRegen  0.10/turn              (no ring)

@: no status effects
A: large, unfitting armour, tough skin 1
a: no special abilities


You were on level 2 of the Dungeon.
You were not hungry.

You visited 1 branch of the dungeon, and saw 3 of its levels.

You collected 73 gold pieces.

Inventory:

Hand Weapons
 a - a +0 mace (weapon)
Missiles
 e - 5 boomerangs of dispersal {=f}
 l - 7 boomerangs
Armour
 b - a +0 robe (worn)
Wands
 q - a wand of random effects (10)
   (You found it on level 2 of the Dungeon)
 v - a wand of enslavement (9)
   (You found it on level 2 of the Dungeon)
Scrolls
 d - 2 scrolls of blinking {!r}
 h - a scroll of identify {unknown}
 s - a scroll of enchant armour {unknown}
Potions
 c - a potion of mutation {unknown}
 g - 2 potions of curing {unknown}
 i - a potion of heal wounds {unknown}
 k - a potion of berserk rage {unknown}
 o - a potion of flight {unknown}
 p - a potion of lignification {unknown}
Comestibles
 f - 4 rations


   Skills:
 + Level 3.3 Fighting
 * Level 2.6 Maces & Flails
 - Level 1.0 Throwing
 - Level 2.1 Dodging
 + Level 2.8 Spellcasting
   Level 2.6 Translocations


You had 7 spell levels left.
You didn't know any spells.
Your spell library contained the following spells:

 Spells                   Type           Power        Failure   Level  Hunger
 Blink                    Tloc           N/A          11%         2    ##.....
 Shroud of Golubria       Chrm/Tloc      #.....       19%         2    ##.....
 Gell's Gravitas          Tloc           ##........   21%         3    ###....
 Lesser Beckoning         Tloc           ##........   21%         3    ###....
 Teleport Other           Tloc           ##......     21%         3    ###....
 Passage of Golubria      Tloc           N/A          56%         4    #####..


Dungeon Overview and Level Annotations

Branches:
Dungeon (3/15)

Altars:
Cheibriados
Yredelemnul


Innate Abilities, Weirdness & Mutations

You are too large for most types of armour.
You have tough skin. (AC +1)


Message History

t - 3 chunks of flesh {@w0} (gained 1)
You see here a bat skeleton. x2
An ooze comes into view.
The ooze quivers.
You hit the ooze. The ooze closely misses you.
You hit the ooze. The ooze hits you.
You take 2 damage, and have 35/37 hp.
You hit the ooze.
You kill the ooze!
No target in view!
Found a stone staircase leading down.
f - 4 rations (gained 1)
A giant cockroach comes into view.
Health restored: 37 A giant cockroach is nearby!
The giant cockroach bites you but does no damage.
The giant cockroach closely misses you.
You hit the giant cockroach. The giant cockroach barely misses you.
You hit the giant cockroach but do no damage.
The giant cockroach bites you but does no damage.
You hit the giant cockroach.
You kill the giant cockroach!
No target in view!
You see here a dagger.
You see here a pair of boots.
You see here 23 stones.
Some of the chunks of flesh in your inventory have rotted away.
You see here a robe.
Some of the chunks of flesh in your inventory have rotted away.
You open the door.
Found a basalt altar of Yredelemnul.
Found a twisted gold wand and a large marble ring.
Found a snail-covered altar of Cheibriados.
There is an open door here.
There is a fountain of clear blue water here.
u - a large marble ring
v - a wand of enslavement (9)
You feel slightly jumpy.
Oops, that ring feels deathly cold.
u - a cursed ring of teleportation (left hand)
As you read the scroll labeled ILESMUTH JAXIN, it crumbles to dust.
The air around you briefly surges with heat, but it dissipates.
It was a scroll of immolation.
As you read the scroll labeled KUOROI JAJIORO, it crumbles to dust.
The scroll dissolves into smoke.
It was a scroll of fog.
As you read the scroll labeled TUZAULLAPN, it crumbles to dust.
You assume a fearsome visage.
Nothing appears to happen.
It was a scroll of fear.
As you read the scroll labeled URUMEMP TYTRAH, it crumbles to dust.
You feel as if something is helping you.
It was a scroll of remove curse.
You remove your ring of teleportation {+/*tele, !d}.
You drop an uncursed ring of teleportation {+/*tele, !d}.
There is a fountain of clear blue water here.
There is a basalt altar of Yredelemnul here.
A basalt altar of Yredelemnul.
Unknown command.
Press < or > to pray at altars.
Unknown command.
Press < or > to pray at altars.
You kneel at the altar of Yredelemnul.
Okay, then.
You kneel at the altar of Yredelemnul.
You now have 73 gold pieces (gained 5).
You see here 21 stones.
There is an open door here.
All of the chunks of flesh in your inventory have rotted away.
Done exploring.
Done exploring.
(D) Dungeon
Where to? (Enter - D:2, ? - help)
There is a stone staircase leading down here.
You climb downwards.
A goblin, a hobgoblin, a kobold and 3 orcs come into view.
The orc shouts!
The orc priest shouts!
The goblin shouts!
The kobold shouts!
The hobgoblin shouts!
You hear a shout!
Found a pair of gloves.
Found a stone staircase leading down and a stone staircase leading up.
There is a stone staircase leading up here.
The orc hits you with a +0 whip! The orc hits you with a +0 mace.
You climb upwards.
There is a stone staircase leading down here.
You take 9 damage, and have 28/37 hp.
MASSIVE DAMAGE!!
You hit the orc. The orc closely misses you. The orc hits you with a +0 mace!
You take 7 damage, and have 21/37 hp.
You barely miss the orc. The orc hits you with a +0 whip.
The orc completely misses you.
You take 2 damage, and have 19/37 hp.
You hit the orc but do no damage. The orc barely misses you.
The orc hits you with a +0 mace.
You take 5 damage, and have 14/37 hp.
You barely miss the orc. The orc barely misses you.
The orc hits you with a +0 mace!
* * * LOW HITPOINT WARNING * * *
The orc hits you with a +0 whip.
* * * LOW HITPOINT WARNING * * *
You take 13 damage, and have 1/37 hp.
MASSIVE DAMAGE!!
You barely miss the orc. The orc hits you with a +0 whip.
You die...

###.##.###.###########.#
####.....# #.# #####.#
#<# #.# #.# #.#### ###.#
#....# #...# #.##.#
#.### ###.##.## #.#
#@o.....# #.# #o#.##..#
#.# #.#.##..# #.# ##
#.#.....# #.# .#
#.#..##.# #.# .#
#.#..##.# #.# .#
##########.......#####.#
.#
#......................#
.#
#.##.########.##########


You could see 2 orcs.

Vanquished Creatures
  An ooze (D:2)
  A dart slug (D:1)
  A leopard gecko (D:1)
  2 giant cockroaches
  2 goblins (D:1)
  2 hobgoblins (D:1)
  4 kobolds
  A ball python (D:1)
  4 bats
  A frilled lizard (D:1)
  4 rats
23 creatures vanquished.

Notes
Turn   | Place    | Note
-------+----------+-------------------------------------------
     0 | D:1      | Firecrotchwizard the Ogre Warper began the quest for the
                  | Orb.
     0 | D:1      | Reached XP level 1. HP: 22/22 MP: 3/3
   201 | D:1      | Reached skill level 2 in Maces & Flails
   214 | D:1      | Reached skill level 3 in Fighting
   214 | D:1      | Reached XP level 2. HP: 29/31 MP: 5/5
  1520 | D:2      | Reached XP level 3. HP: 37/37 MP: 7/7
  1700 | D:2      | Found a basalt altar of Yredelemnul.
  1701 | D:2      | Found a snail-covered altar of Cheibriados.
  1791 | D:2      | HP: 4/37 [orc/+0 mace (11)]
  1791 | D:2      | HP: 1/37 [orc/+0 whip (3)]
  1792 | D:2      | Slain by an orc

Levels and vault maps discovered:
D:1:      onia_arrival_mini_spirals, layout_basic, lemuel_flame_loot_1
D:2:      layout_loops_ring, gammafunk_temple_overflow_pools, first_ration
D:3:      kennysheep_goblin_castle, layout_rooms

Skill      XL: |  1 |
---------------+----+-----
Maces & Flails | 2 |  2.6
Fighting       | 3 |  3.3
Throwing       | |  1.0
Dodging        | |  2.1
Spellcasting   | |  2.8
Translocations | |  2.6

Action                   || total
-------------------------++-------
Melee: Mace              ||    93
  Use: Scroll            ||     4
 Stab: Sleeping          ||     1
  Eat: Ration            ||     1
Armor: Robe              ||    45
Dodge: Dodged            ||    67

Table legend:
 A = Non-vault XP
 B = Vault XP
 C = Vault XP percentage of total XP
 D = Non-vault monster count
 E = Vault monster count
 F = Vault count percentage of total count
                 A         B        C        D         E       F
            +---------+---------+-------+---------+---------+-------
      Total |      44 |       0 |   0.0 |      23 |       0 |   0.0
            +---------+---------+-------+---------+---------+-------
        D:1 |      25 |       0 |   0.0 |      14 |       0 |   0.0
        D:2 |      19 |       0 |   0.0 |       9 |       0 |   0.0
            +---------+---------+-------+---------+---------+-------

Levels and vault maps discovered:
D:1:      onia_arrival_mini_spirals, layout_basic, lemuel_flame_loot_1
D:2:      layout_loops_ring, gammafunk_temple_overflow_pools, first_ration
D:3:      kennysheep_goblin_castle, layout_rooms

Table legend:
 A = Turns spent in this place as a percentage of turns spent in the entire game.
 B = Non-inter-level travel turns spent in this place as a percentage of non-inter-level travel turns spent in the entire game.
 C = Inter-level travel turns spent in this place as a percentage of turns spent in this place.
 D = Turns resting spent in this place as a percentage of non-inter-level travel turns spent in this place.
 E = Turns spent auto-exploring this place as a percentage of non-inter-level travel turns spent in this place.
 F = Non-inter-level travel turns spent in this place divided by the number of levels of this place that you've seen.
                   A       B       C       D       E      F
               +-------+-------+-------+-------+-------+----------------------
         Total | 100.0 | 100.0 |   2.2 |  26.0 |  61.4 | 584.0
       Dungeon | 100.0 | 100.0 |   2.2 |  26.0 |  61.4 | 584.0
               +-------+-------+-------+-------+-------+----------------------

Table legend:
 A = Kills in this place as a percentage of kills in entire the game.
 B = Kills by you in this place as a percentage of kills by you in the entire game.
 C = Kills by friends in this place as a percentage of kills by friends in the entire game.
 D = Other kills in this place as a percentage of other kills in the entire game.
 E = Experience gained in this place as a percentage of experience gained in the entire game.
 F = Experience gained in this place divided by the number of levels of this place that you have seen.
                   A       B       C       D       E      F
               +-------+-------+-------+-------+-------+----------------------
         Total | 100.0 | 100.0 |   N/A |   N/A | 100.0 |  14.7
       Dungeon | 100.0 | 100.0 |   N/A |   N/A | 100.0 |  14.7
               +-------+-------+-------+-------+-------+----------------------
